 Dungeon Crawl Stone Soup version 0.21.1-1-g345015f (webtiles) character file.

14415 Gordines the Cleaver (level 11, 0/102 HPs)
             Began as a Minotaur Berserker on July 12, 2018.
             Was a High Priest of Trog.
             Killed by drain life
             ... invoked by a soul eater
             ... summoned by an orc high priest
              (2 damage)
             ... on level 2 of the Orcish Mines on July 14, 2018.
             The game lasted 02:12:58 (17068 turns).

Gordines the Cleaver (Minotaur Berserker)          Turns: 17068, Time: 02:12:58

Health: 0/102      AC: 19    Str: 25    XL:     11   Next: 88%
Magic:  10/10      EV: 14    Int:  2    God:    Trog [*****.]
Gold:   1078       SH:  7    Dex: 21    Spells: 10/10 levels left

rFire    . . .     SeeInvis .   i - +2 hand axe (elec)
rCold    + . .     Gourm    .   o - +1 buckler {rN+}
rNeg     + . .     Faith    .   z - +2 plate armour {rPois}
rPois    +         Spirit   .   (helmet restricted)
rElec    .         Reflect  .   d - +1 cloak of Xeiw {Int+3 Dex+3 Stlth+}
rCorr    .         Harm     .   A - +2 pair of gloves
MR       +....                  s - +0 pair of boots
Stlth    ..........             (no amulet)
HPRegen  0.27/turn              x - ring of stealth
MPRegen  0.12/turn              E - ring "Cungigro" {rC+ MR+ Int-5 Dex+8} (curse)

@: corroded, berserk cooldown, slowed, studying Axes, very slow
A: retaliatory headbutt, horns 2
a: Berserk, Trog's Hand, Brothers in Arms, Burn Spellbooks, Renounce Religion


You were on level 2 of the Orcish Mines.
You worshipped Trog.
Trog was extremely pleased with you.
You were not hungry.

You visited 3 branches of the dungeon, and saw 15 of its levels.
You also visited: Ossuary.

You collected 1227 gold pieces.
You spent 149 gold pieces at shops.

Inventory:

Hand Weapons
 i - a +2 hand axe of electrocution (weapon)
Armour
 d - the +1 cloak of Xeiw (worn) {Int+3 Dex+3 Stlth+}
   (You found it on level 9 of the Dungeon)

   It affects your intelligence (+3).
   It affects your dexterity (+3).
   It makes you more stealthy.
 m - a +1 ring mail of cold resistance
 n - a +2 chain mail of fire resistance
 o - a +1 buckler of positive energy (worn)
 s - a +0 pair of boots (worn)
 z - a +2 plate armour of poison resistance (worn)
 A - a +2 pair of gloves (worn)
Jewellery
 c - an uncursed ring of ice
 x - a ring of stealth (left hand)
 E - the cursed ring "Cungigro" (right hand) {rC+ MR+ Int-5 Dex+8}
   (You found it on level 10 of the Dungeon)

   [ring of intelligence]

   It affects your intelligence (-5).
   It affects your dexterity (+8).
   It protects you from cold.
   It affects your resistance to hostile enchantments.
   It has a curse placed upon it.
Wands
 b - a wand of paralysis (8)
 u - a wand of polymorph (2)
 B - a wand of enslavement (35)
Scrolls
 e - 4 scrolls of teleportation
 l - 2 scrolls of fog
 q - a scroll of remove curse
 y - 2 scrolls of immolation
 C - a scroll of fear
Potions
 a - a potion of invisibility {unknown}
 g - a potion of magic
 h - 6 potions of curing
 j - a potion of berserk rage
 k - 3 potions of cancellation {unknown}
 p - 4 potions of might
Books
 w - a manual of Axes
Comestibles
 r - 14 chunks of flesh


   Skills:
 + Level 11.2 Fighting
   Level 9.6 Long Blades
 - Level 14.2 Axes
 - Level 9.6 Armour
 + Level 10.0 Dodging
 * Level 5.8 Shields


You had 10 spell levels left.
You didn't know any spells.

Dungeon Overview and Level Annotations

Branches:
Dungeon (12/15)            Temple (1/1) D:6            Lair (0/6) D:10
    Orc (2/2) D:11            Elf (0/3) Orc:2

Altars:
Ashenzari
Cheibriados
Dithmenos
Elyvilon
Fedhas
Gozag
Hepliaklqana
Kikubaaqudgha
Makhleb
Nemelex Xobeh
Okawaru
Qazlal
Ru
Sif Muna
Trog
Uskayaw
Vehumet
Wu Jian
Xom
Yredelemnul
Zin
The Shining One

Shops:
D:6 [   D:8 !   D:9 }


Innate Abilities, Weirdness & Mutations

You reflexively headbutt those who attack you in melee.
You have a pair of horns on your head.


Message History

You feel better.
The sun demon disappears in a puff of smoke!
The orange demon disappears in a puff of smoke!
You block the orc wizard's attack.
The orc high priest prays.
The orc priest mumbles some strange prayers to Beogh against you.
Beogh smites you!
* * * LOW HITPOINT WARNING * * *
The rust devil misses you.
An orc wizard comes into view. It is wielding a dagger.
Your ogre goes berserk!
You feel somewhat more hungry.
The rust devil disappears in a puff of smoke! x2
The orc wizard moves out of view.
The orc high priest closely misses you.
The orc high priest mumbles some strange prayers to Beogh.
The ice devil barely misses you. You furiously retaliate!
You headbutt the ice devil, but do no damage.
The orc wizard looks braver for a moment.
The soul eater draws from the surrounding life force!
You die...

#...##..............<........
#............................
##...#.................#.....
#...........................
##.................#...#.....
##......................##....
#........................#....
##..#....).....................
#......)))...o@4O#.............
#....>...))#..#o{........##....#
##............o.o3..##.........#
#............4ยง.4...#..........
#............oo4o...............
##............o.o.........##.##.
................3..#.....# ## .
##....#............#.......#
....................#.....#


You could see a soul eater, 2 orc high priests, an ice devil, a ynoxinul, an orc
sorcerer, 3 red devils, 2 orc warriors, 3 orc priests, an orc wizard and a
friendly ogre (berserk).

Vanquished Creatures
  Harold (D:11)
  Fannar (D:11)
  A centaur warrior (D:12)
  An unseen horror (D:11)
  A flayed ghost (D:10)
  A manticore (D:10)
  A cyclops (D:12)
  A hornet (D:7)
  2 dream sheep (D:8)
  Grinder (D:6)
  5 hippogriffs
  A vampire (D:11)
  2 shadows
  2 yaks (D:8)
  4 wraiths (D:10)
  A wyvern (D:11)
  2 fire bats (D:10)
  A hungry ghost (D:9)
  2 wargs
  2 hell hounds (D:10)
  A black bear (D:9)
  2 ice beasts
  9 orc warriors
  4 sky beasts
  9 ogres
  3 phantoms
  7 centaurs
  3 big kobolds
  6 bullfrogs
  A scorpion (D:5)
  4 howler monkeys
  2 jellies
  2 bullfrog zombies
  A quasit (D:10)
  4 crimson imps
  11 orc priests
  5 centaur zombies
  2 centaur skeletons
  5 hounds
  20 orc wizards
  4 bullfrog skeletons
  An iguana (D:10)
  Jessica (D:2)
  Terence (D:3)
  6 worker ants
  3 big kobold zombies (Ossuary)
  A hound skeleton (D:6)
  4 mummies (Ossuary)
  2 worker ant zombies
  Robin (D:3)
  A gnoll (D:1)
  A howler monkey skeleton (D:8)
  13 adders
  2 shadow imps
  2 oozes
  An adder skeleton (D:5)
  2 dart slugs (D:2)
  4 leopard geckos
  57 orcs
  6 giant cockroaches
  19 goblins
  10 hobgoblins
  12 jackals
  3 quokkas
  2 ball pythons
  16 bats
  11 frilled lizards
  2 hobgoblin zombies (Ossuary)
  9 kobolds
  A leopard gecko skeleton (D:6)
  A quokka zombie (D:6)
  7 rats
  A plant (D:1)
341 creatures vanquished.

Vanquished Creatures (others)
  The ghost of uwu the Basher, a novice MiBe of Trog (D:9)
  A jackal (D:6)
2 creatures vanquished.

Grand Total: 343 creatures vanquished

Notes
Turn   | Place    | Note
-------+----------+-------------------------------------------
     0 | D:1      | Gordines the Minotaur Berserker began the quest for the Orb.
     0 | D:1      | Reached XP level 1. HP: 19/19 MP: 0/0
   151 | D:1      | Reached XP level 2. HP: 11/27 MP: 1/1
   777 | D:1      | Reached XP level 3. HP: 17/33 MP: 2/2
   850 | D:1      | Reached ** piety under Trog
  1592 | D:2      | Noticed Jessica
  1596 | D:2      | Killed Jessica
  1596 | D:2      | Reached XP level 4. HP: 33/41 MP: 3/3
  2092 | D:2      | Paralysed by fainting for 6 turns
  2126 | D:2      | Paralysed by fainting for 11 turns
  2678 | D:3      | Noticed Terence
  2690 | D:3      | Killed Terence
  2690 | D:3      | Reached XP level 5. HP: 34/47 MP: 4/4
  2972 | D:3      | Noticed Robin
  2994 | D:3      | Killed Robin
  3009 | D:3      | Reached *** piety under Trog
  3594 | D:4      | Noticed an ogre
  3605 | D:4      | Killed an ogre
  3605 | D:4      | Reached skill level 5 in Fighting
  3605 | D:4      | Reached skill level 5 in Long Blades
  3605 | D:4      | Reached XP level 6. HP: 28/56 MP: 5/5
  4617 | D:4      | Found a shadowy altar of Dithmenos.
  4631 | D:5      | Entered Level 5 of the Dungeon
  4681 | D:5      | Reached skill level 5 in Armour
  4681 | D:5      | Reached XP level 7. HP: 62/62 MP: 6/6
  5152 | D:5      | Reached skill level 5 in Dodging
  5271 | D:5      | You fall through a shaft!
  5396 | D:6      | Found a bloodstained altar of Trog.
  5458 | D:6      | Reached XP level 8. HP: 48/71 MP: 7/7
  5461 | D:6      | Noticed Grinder
  5461 | D:6      | Paralysed by Grinder for 7 turns
  5482 | D:6      | Paralysed by Grinder for 3 turns
  5495 | D:6      | Killed Grinder
  5562 | D:6      | Found a sand-covered staircase.
  5571 | Ossuary  | Entered an ossuary
  5705 | Ossuary  | Reached **** piety under Trog
  5924 | D:6      | Found an ancient bone altar of Kikubaaqudgha.
  6244 | D:6      | Found an ornate altar of the Wu Jian Council.
  6298 | D:6      | Found Firech's Armour Shoppe.
  6309 | D:6      | Bought a +1 pair of gloves for 149 gold pieces
  7171 | D:6      | Found a staircase to the Ecumenical Temple.
  7204 | Temple   | Entered the Ecumenical Temple
  7508 | D:7      | Found a bloodstained altar of Trog.
  7509 | D:7      | Reached XP level 9. HP: 77/81 MP: 8/8
  8110 | D:7      | Paralysed by a hornet for 2 turns
  8116 | D:7      | Paralysed by a hornet for 2 turns
  8926 | D:7      | Found a hazy altar of Hepliaklqana.
  9054 | D:8      | Found a white marble altar of Elyvilon.
  9058 | D:8      | Found a burning altar of Makhleb.
  9061 | D:8      | Found an iron altar of Okawaru.
 10366 | D:8      | Found Ozu Jeicatz's Distillery.
 10669 | D:8      | Reached XP level 10. HP: 54/91 MP: 9/9
 10711 | D:8      | Noticed a two-headed hydra
 11619 | D:8      | Found a deep blue altar of Sif Muna.
 11794 | D:9      | Killed uwu's ghost
 11912 | D:9      | Paralysed by fainting for 12 turns
 11930 | D:9      | Paralysed by fainting for 12 turns
 12268 | D:9      | Reached skill level 1 in Axes
 12310 | D:9      | Reached skill level 2 in Axes
 12318 | D:9      | Found a stormy altar of Qazlal.
 12592 | D:9      | Reached skill level 3 in Axes
 12656 | D:9      | Reached skill level 4 in Axes
 12657 | D:9      | Reached ***** piety under Trog
 12727 | D:9      | Found a shimmering altar of Xom.
 12815 | D:9      | Reached skill level 5 in Axes
 12967 | D:9      | Found Guad's Gadget Shoppe.
 13059 | D:9      | Reached skill level 6 in Axes
 13127 | D:9      | Got a polished cloak
 13141 | D:9      | Identified the +1 cloak of Xeiw {Int+3 Dex+3 Stlth+} (You found it on level 9 of the Dungeon)
 13242 | D:9      | Reached skill level 7 in Axes
 13567 | D:10     | Entered Level 10 of the Dungeon
 14067 | D:10     | Reached skill level 8 in Axes
 14179 | D:10     | Reached skill level 9 in Axes
 14326 | D:10     | Found a staircase to the Lair.
 14489 | D:10     | Reached skill level 10 in Axes
 14544 | D:10     | Found an iron altar of Okawaru.
 14569 | D:10     | Reached skill level 11 in Axes
 14630 | D:10     | Found a shadowy altar of Dithmenos.
 14643 | D:10     | Reached skill level 12 in Axes
 14651 | D:10     | Reached XP level 11. HP: 99/99 MP: 10/10
 14659 | D:10     | Found a shattered altar of Ashenzari.
 14663 | D:10     | Found a runed door.
 14722 | D:10     | Found a bloodstained altar of Trog.
 14723 | D:10     | Found a radiant altar of Vehumet.
 14729 | D:10     | Noticed a flayed ghost
 14738 | D:10     | Killed a flayed ghost
 14738 | D:10     | Reached skill level 13 in Axes
 14783 | D:10     | Got a bound platinum ring
 14805 | D:10     | Found a burning altar of Makhleb.
 14817 | D:10     | Identified the cursed ring "Cungigro" {rC+ MR+ Int-5 Dex+8} (You found it on level 10 of the Dungeon)
 15061 | D:11     | Received a gift from Trog
 15223 | D:11     | Reached skill level 10 in Fighting
 15242 | D:11     | Noticed Harold
 15279 | D:11     | Killed Harold
 15279 | D:11     | Reached skill level 14 in Axes
 15654 | D:11     | Found a sacrificial altar of Ru.
 15688 | D:11     | Noticed Fannar
 15701 | D:11     | Reached skill level 1 in Shields
 15717 | D:11     | Killed Fannar
 15893 | D:11     | Killed an unseen horror
 16156 | D:11     | Found a staircase to the Orcish Mines.
 16481 | D:12     | Noticed a centaur warrior
 16499 | D:12     | Killed a centaur warrior
 16521 | D:12     | Noticed an eight-headed hydra
 16631 | Orc:1    | Entered Level 1 of the Orcish Mines
 16644 | Orc:1    | Reached skill level 5 in Shields
 16920 | Orc:2    | Entered Level 2 of the Orcish Mines
 16928 | Orc:2    | Found a staircase to the Elven Halls.
 16938 | Orc:2    | Reached skill level 10 in Dodging
 17043 | Orc:2    | Noticed an orc high priest
 17044 | Orc:2    | Noticed an orc high priest
 17044 | Orc:2    | Noticed an orc sorcerer
 17054 | Orc:2    | Noticed a soul eater
 17055 | Orc:2    | Noticed a sun demon
 17066 | Orc:2    | HP: 5/102 [soul eater/drain life[an orc high priest] (4)]
 17067 | Orc:2    | HP: 1/102 [orc priest/divine providence (13)]
 17068 | Orc:2    | Killed from afar by a soul eater

Skill      XL: |  1  2  3  4  5  6  7  8  9 10 11 |
---------------+----------------------------------+-----
Fighting       | 4 5 6 7 9 11 | 11.2
Long Blades    | 4 5 6 7 9 |  9.6
Armour         | 3 4 5 6 7 9 |  9.6
Dodging        | 3 4 5 6 8 10 | 10.0
Axes           | 12 14 | 14.2
Shields        | 5 |  5.8

Action                   |  1- 3 |  4- 6 |  7- 9 | 10-12 || total
-------------------------+-------+-------+-------+-------++-------
Melee: Falchion          |    85 |    34 |       |       ||   119
       Headbutt          |    20 |     9 |    48 |   119 ||   196
       Spear             |     5 |       |       |       ||     5
       Hand axe          |       |    67 |   221 |   314 ||   602
       Flail             |       |       |       |     3 ||     3
       Unarmed           |       |       |       |    77 ||    77
Throw: Stone             |       |     1 |       |       ||     1
Invok: Berserk           |     2 |     1 |    12 |    15 ||    30
       Trog's Hand       |       |     1 |     2 |       ||     3
       Burn Spellbooks   |       |       |       |     1 ||     1
       Brothers in Arms  |       |       |       |     1 ||     1
Evoke: Wand              |       |       |       |     4 ||     4
  Use: Scroll            |     6 |    10 |     9 |     6 ||    31
       Potion            |       |       |     1 |     3 ||     4
  Eat: Ration            |     1 |     4 |     9 |     9 ||    23
       Chunk             |       |     1 |     1 |     8 ||    10
Armor: Animal skin       |    13 |       |       |       ||    13
       Leather armour    |     1 |     9 |       |       ||    10
       Ring mail         |       |    25 |   139 |   113 ||   277
       Chain mail        |       |       |       |    36 ||    36
       Plate armour      |       |       |       |   175 ||   175
Dodge: Dodged            |    78 |    90 |   221 |   318 ||   707
Block: Buckler           |       |     3 |    58 |   102 ||   163
       Rpst.: Falchion   |    19 |     8 |       |       ||    27
